 Dungeon Crawl Stone Soup version 0.30-a0-165-g1891117ce2 (webtiles) character file.

Game seed: 2055451958413322426

67 qw the Chopper (level 4, 0/28 HPs)
             Began as a Gargoyle Fighter on Sept 28, 2022.
             Slain by a gnoll
             ... wielding a +0 flail
              (2 damage)
             ... on level 2 of the Dungeon.
             The game lasted 00:00:31 (1332 turns).

qw the Chopper (Gargoyle Fighter)                   Turns: 1332, Time: 00:00:31

Health: 0/28       AC: 10    Str: 22    XL:     4   Next: 16%
Magic:  4/4        EV:  9    Int:  8    God:
Gold:   67         SH:  4    Dex:  9    Spells: 3/3 levels left

rFire   + . .      SeeInvis .    Y - +0 war axe
rCold   . . .      Faith    .    c - +0 buckler
rNeg    + . .      Spirit   .    b - +0 scale mail
rPois   inf        Reflect  .    (no helmet)
rElec   +          Harm     .    (no cloak)
rCorr   .          Rampage  .    (no gloves)
Will    .....                    (no boots)
Stlth   ..........               (no amulet)
HPRegen 0.09/turn                h - ring of protection from fire
MPRegen 0.09/turn                (no ring)

@: about to teleport
A: sickness immunity, AC +3, negative energy resistance 1, electricity
resistance, torment resistance 1, petrification resistance
a: no special abilities


You were on level 2 of the Dungeon.
You visited 1 branch of the dungeon, and saw 2 of its levels.

You collected 67 gold pieces.


Innate Abilities, Weirdness & Mutations

You are immune to sickness and miasma.
Your stone body is resilient. (AC +3)
You are immune to poison.
You resist negative energy. (rN+)
You are resistant to electric shocks. (rElec)
You are resistant to unholy torment.
You are immune to petrification.


   Skills:
 - Level 3.2 Fighting
 + Level 3.9 Axes
 - Level 3.2 Armour
 - Level 3.2 Shields


You had 3 spell levels left.
You didn't know any spells.
Your spell library was empty.

Inventory:

Hand Weapons
 f - a +0 whip
 Y - a +0 war axe (weapon)
Missiles
 l - 2 boomerangs
 q - 3 boomerangs of dispersal (quivered)
Armour
 b - a +0 scale mail (worn)
 c - a +0 buckler (worn)
 e - a +0 kite shield
 n - a +0 pair of boots
Jewellery
 h - a ring of protection from fire (left hand)
 k - a ring of protection from fire
Scrolls
 a - a scroll of identify
 i - a scroll of teleportation
 m - a scroll of magic mapping {unknown}
 p - a scroll of amnesia {unknown}
Potions
 d - a potion of might
 g - 3 potions of curing
 j - a potion of cancellation
 o - a potion of heal wounds {unknown}

Dungeon Overview and Level Annotations

Branches:
Dungeon (2/15)

Altars:
Xom


Message History

You slash the gnoll! You hit the gnoll but do no damage.
You block the gnoll's attack. The gnoll barely misses you.
The gnoll closely misses you.
You barely miss the gnoll.
The gnoll is severely wounded.
You hit the gnoll. You closely miss the gnoll.
The gnoll hits you with a +0 flail. The gnoll barely misses you.
The gnoll hits you but does no damage.
You hit the gnoll but do no damage.
The gnoll is almost dead.
You hit the gnoll. You completely miss the gnoll. The gnoll barely misses you.
The gnoll closely misses you. The gnoll hits you with a +0 flail.
The gnoll barely misses you. The gnoll hits you but does no damage.
The gnoll closely misses you.
You hit the gnoll.
You kill the gnoll!
You barely miss the gnoll. You closely miss the gnoll.
The gnoll hits you with a +0 flail. The gnoll completely misses you.
You slash the gnoll!
You kill the gnoll!
You closely miss the gnoll. The gnoll hits you but does no damage.
The gnoll hits you with a +0 flail.
You have reached level 4!
You feel stronger.
You hit the gnoll.
The gnoll is moderately wounded.
The gnoll hits you with a +0 flail.
You slash the gnoll!
The gnoll is almost dead.
The gnoll barely misses you.
You barely miss the gnoll.
The gnoll is almost dead.
The gnoll barely misses you. The gnoll misses you.
You completely miss the gnoll.
The gnoll is almost dead.
The gnoll hits you with a +0 flail!
1332 ||| READING 2 scrolls of teleportation.
As you read the scroll of teleportation, it crumbles to dust.
You feel strangely unstable. The gnoll hits you with a +0 flail.
You die... #.... #...... g... ###...... ggg.

#........ ..# #........
.g# #..[.#### #.#
######### #.# ###....
####.#### #......
#.@)....# #......
#.)g..#######......
###.....# #..........
#.......# #.###...##.
######'#.....###.####.....
#............##........#..
#.......##.####...###..#.#
#.......#....(#...###.....
#.......#...#.#.....#....#


You could see a gnoll.

Vanquished Creatures
  2 gnolls (D:2)
  2 dart slugs (D:1)
  4 ball pythons
  3 endoplasms (D:1)
  3 giant cockroaches
  3 goblins
  2 hobgoblins
  4 jackals (D:1)
  3 kobolds (D:1)
  A quokka (D:2)
  5 bats
  2 frilled lizards (D:1)
  7 rats
41 creatures vanquished.

Notes
Turn   | Place    | Note
-------+----------+-------------------------------------------
     0 | D:1      | qw the Gargoyle Fighter began the quest for the Orb.
     0 | D:1      | Reached XP level 1. HP: 14/14 MP: 1/1
     0 | D:1      | 0 ||| qw: Version: 0.2-a-12-gaebbb33
     0 | D:1      | 0 ||| qw: Game counter: 915
     0 | D:1      | 0 ||| qw: Always use a shield: true
     0 | D:1      | 0 ||| qw: God list: Okawaru
     0 | D:1      | 0 ||| qw: Allow faded altars: false
     0 | D:1      | 0 ||| qw: Do Orc after D:15 true
     0 | D:1      | 0 ||| qw: Do second Lair branch before Depths: true
     0 | D:1      | 0 ||| qw: Lair rune preference: random
     0 | D:1      | 0 ||| qw: Plans: Normal, Zot:1-4, God:TSO, Crypt, Tomb,
                  | Pan, Slime:5, Hells, Abyss, Orb
     0 | D:1      | 0 ||| PLANNING D:1-11
   105 | D:1      | Reached XP level 2. HP: 19/19 MP: 2/2
   130 | D:1      | 130 ||| Stepping ~*~*~tactically~*~*~ (stealth).
   131 | D:1      | Found a faded altar of an unknown god.
   246 | D:1      | Reached skill level 3 in Axes
   401 | D:1      | Reached XP level 3. HP: 23/23 MP: 3/3
   721 | D:1      | 721 ||| Stepping ~*~*~tactically~*~*~ (stealth).
   932 | D:1      | 932 ||| UPGRADING to ring of protection from fire.
   933 | D:1      | 933 ||| READING scroll labelled FUSCHIEGORR.
   934 | D:1      | 934 ||| READING scroll labelled HADOSSYWIL.
   935 | D:1      | 935 ||| READING scroll labelled RAMIUMIDYG.
   939 | D:1      | 939 ||| DRINKING 4 fuming amethyst potions.
   940 | D:1      | 940 ||| DRINKING 2 coppery potions.
  1039 | D:2      | Found a shimmering altar of Xom.
  1316 | D:2      | 1316 ||| Stepping ~*~*~tactically~*~*~ (stealth).
  1318 | D:2      | 1318 ||| Stepping ~*~*~tactically~*~*~ (stealth).
  1328 | D:2      | Reached XP level 4. HP: 15/28 MP: 4/4
  1331 | D:2      | HP: 2/28 [gnoll/+0 flail (7)]
  1332 | D:2      | 1332 ||| READING 2 scrolls of teleportation.
  1332 | D:2      | Slain by a gnoll

Levels and vault maps discovered:
D:1:      shiori_shiawase, layout_basic, hellmonk_ecumenical_altar_crossroads,
          corexii_item_surrounded_by_moat
D:2:      layout_basic, basic_altar, cheibrodos_gnoll_hut

Skill      XL: |  1  2 |
---------------+-------+-----
Axes           | 2 3 |  3.9
Fighting       | |  3.2
Armour         | |  3.2
Shields        | |  3.2

Action                   |  1- 3 |  4- 6 || total
-------------------------+-------+-------++-------
Melee: War axe           |   107 |     4 ||   111
Throw: Boomerang         |    23 |       ||    23
  Use: Scroll            |     3 |     1 ||     4
       Potion            |     2 |       ||     2
Armor: Scale mail        |    70 |       ||    70
Dodge: Dodged            |    56 |     3 ||    59
Block: Buckler           |    15 |       ||    15

Table legend:
 A = Non-vault XP
 B = Vault XP
 C = Vault XP percentage of total XP
 D = Non-vault monster count
 E = Vault monster count
 F = Vault count percentage of total count
                 A         B        C        D         E       F
            +---------+---------+-------+---------+---------+-------
      Total |      96 |       0 |   0.0 |      41 |       0 |   0.0
            +---------+---------+-------+---------+---------+-------
        D:1 |      48 |       0 |   0.0 |      26 |       0 |   0.0
        D:2 |      48 |       0 |   0.0 |      15 |       0 |   0.0
            +---------+---------+-------+---------+---------+-------
